 Dungeon Crawl Stone Soup version 0.30.1-3-gfc49f6343a (webtiles) character file.

Game seed: 10828053703384682373

317 KyoPewz the Cudgeller (level 6, 0/59 HPs)
             Began as an Ogre Gladiator on July 30, 2023.
             Slain by Grinder (6 damage)
             ... on level 3 of the Dungeon.
             The game lasted 00:03:40 (2599 turns).

KyoPewz the Cudgeller (Ogre Gladiator)              Turns: 2599, Time: 00:03:41

Health: 0/59       AC:  5    Str: 21    XL:     6   Next: 44%
Magic:  6/6        EV: 10    Int:  9    God:
Gold:   98         SH:  0    Dex: 10    Spells: 5/5 levels left

rFire   . . .        a - +0 flail
rCold   . . .        (no shield)
rNeg    . . .        f - +2 animal skin
rPois   .            c - +0 hat
rElec   .            (no cloak)
rCorr   .            (gloves unavailable)
SInv    .            (boots unavailable)
Will    .....        (no amulet)
Stlth   +            (no ring)
HPRegen 0.29/turn    (no ring)
MPRegen 0.10/turn

%: no passive effects
@: no status effects
A: large, unfitting armour, tough skin 1
a: no special abilities


You were on level 3 of the Dungeon.
You visited 1 branch of the dungeon, and saw 3 of its levels.

You collected 98 gold pieces.

Inventory:

Hand Weapons
 a - a +0 flail (weapon)
 e - a +0 giant spiked club
Missiles
 g - 31 stones
 l - 5 boomerangs
 q - 7 poisoned darts
 A - 3 throwing nets (quivered)
Armour
 b - a +0 robe
 c - a +0 hat (worn)
 f - a +2 animal skin (worn)
 r - a +1 robe of the Archmagi
Magical Staves
 p - a staff of cold
Jewellery
 s - an amulet of faith
 v - a ring of magical power
Scrolls
 j - a scroll of brand weapon {unknown}
 k - 2 scrolls of fear {unknown}
 n - 2 scrolls of poison {unknown}
 t - a scroll of noise {unknown}
 u - a scroll of enchant weapon {unknown}
 w - a scroll of teleportation {unknown}
 x - a scroll of identify {unknown}
 z - a scroll of enchant armour {unknown}
Potions
 d - a potion of might
 h - a potion of brilliance {unknown}
 i - 3 potions of mutation {unknown}
 m - 4 potions of attraction {unknown}
 o - a potion of flight {unknown}


   Skills:
 - Level 2.6 Fighting
 * Level 5.4 Maces & Flails
 + Level 4.0 Throwing
 - Level 2.6 Dodging


You had 5 spell levels left.
You didn't know any spells.
Your spell library was empty.

Dungeon Overview and Level Annotations

Branches:
Dungeon (3/15)

Altars:

Annotations:
D:3 Grinder


Innate Abilities, Weirdness & Mutations

You are too large for most types of armour.
You have tough skin. (AC +1)


Message History

You take 4 damage, and have 36/59 hp.
You closely miss Grinder.
Grinder is heavily wounded.
Grinder gestures at you. You resist with some effort.
Throw: large rock
Press: ? - help, Shift-Dir - straight line, f - Grinder
Aim: Grinder (heavily wounded, 55% to hit)
You throw a large rock.
The large rock hits Grinder but does no damage.
Grinder is heavily wounded.
Grinder gestures at you. Pain shoots through your body! Grinder hits you!
You writhe in agony.
You take 17 damage, and have 20/59 hp.
MASSIVE DAMAGE!!
Throw: 5 boomerangs
Press: ? - help, Shift-Dir - straight line, f/p - Grinder
Aim: Grinder (heavily wounded, 55% to hit)
You throw a boomerang. The boomerang closely misses Grinder.
Grinder hits you.
* * * LOW HITPOINT WARNING * * *
You writhe in agony.
* * * LOW HITPOINT WARNING * * *
You take 8 damage, and have 12/59 hp.
You barely miss Grinder.
Grinder is heavily wounded.
Grinder says, "Just stop there for a second..."
Grinder completely misses you.
You sock Grinder!
Grinder is severely wounded.
Grinder gestures at you. You resist with some effort.
You closely miss Grinder.
Grinder is severely wounded.
Grinder barely misses you.
You hit Grinder but do no damage.
Grinder is severely wounded.
Grinder hits you!
* * * LOW HITPOINT WARNING * * *
You writhe in agony.
You die...

#≈≈≈≈≈..#
#.######..# #.
#.........# #.≈≈
#.#.####.## #.≈≈
##..≈≈≈≈≈.# #..≈
....#≈≈≈≈..# ..##.≈
##....#≈≈≈≈.##
.....##.#5###≈≈≈..#
#...#@##≈≈≈≈..##
##.##...≈≈≈≈≈...##
#.......).....###
#.######.######
##.# #.# #.# #.#
#.#


You could see Grinder.

Vanquished Creatures
  Sigmund (D:2)
  An ogre (D:3)
  Robin (D:2)
  An adder (D:2)
  2 dart slugs (D:1)
  4 ball pythons
  3 endoplasms
  A giant cockroach (D:1)
  11 goblins (D:2)
  3 hobgoblins
  5 kobolds
  A quokka (D:1)
  6 bats
  5 rats
45 creatures vanquished.

Notes
Turn   | Place    | Note
-------+----------+-------------------------------------------
     0 | D:1      | KyoPewz the Ogre Gladiator began the quest for the Orb.
     0 | D:1      | Reached XP level 1. HP: 22/22 MP: 1/1
   282 | D:1      | Reached skill level 3 in Maces & Flails
   309 | D:1      | Reached XP level 2. HP: 23/29 MP: 2/2
  1357 | D:2      | Reached XP level 3. HP: 24/36 MP: 3/3
  1415 | D:2      | Noticed Robin
  1642 | D:2      | Killed Robin
  1721 | D:2      | Noticed Sigmund
  1728 | D:2      | Killed Sigmund
  1729 | D:2      | Reached skill level 5 in Maces & Flails
  1729 | D:2      | Reached XP level 4. HP: 34/44 MP: 4/4
  1729 | D:2      | Reached XP level 5. HP: 39/50 MP: 5/5
  2313 | D:3      | Noticed an ogre
  2327 | D:3      | Reached XP level 6. HP: 54/59 MP: 6/6
  2560 | D:3      | Noticed Grinder
  2581 | D:3      | Paralysed by Grinder for 5 turns
  2588 | D:3      | Paralysed by Grinder for 4 turns
  2599 | D:3      | Slain by Grinder

Illustrated notes

Levels and vault maps discovered:
D:1:      dpeg_arrival_simpleton_a, layout_loops_corners, serial_park_tiny_1,
          dk_noncrumbling_2, palyth_stone_intersect
D:2:      minmay_door_path, layout_basic, serial_bayou_ford_a, uniq_sigmund,
          uniq_robin
D:3:      layout_basic, minmay_overflow_temple_star_quad, grunt_decor_junction,
          grunt_decor_clamped, uniq_grinder

Skill      XL: |  1  2  3  4  5  6 |
---------------+-------------------+-----
Maces & Flails | 3 5 |  5.4
Throwing       | 3 4 |  4.0
Fighting       | |  2.6
Dodging        | |  2.6

Action                     |  1- 3 |  4- 6 || total
---------------------------+-------+-------++-------
  Melee: Flail             |    92 |    60 ||   152
  Throw: Large rock        |     1 |     2 ||     3
         Boomerang         |       |     1 ||     1
    Use: Potion            |     2 |       ||     2
 Armour: Robe              |    36 |       ||    36
         Animal skin       |     1 |    26 ||    27
  Dodge: Dodged            |    62 |    29 ||    91
